 Dungeon Crawl Stone Soup version 0.30-a0-371-gad7725a93e (webtiles) character file.

Game seed: 13658021519148660155

107 innerfire433 the Trooper (level 4, -2/37 HPs)
             Began as a Demonspawn Monk on Nov 21, 2022.
             Was an Initiate of Yredelemnul.
             Slain by Terence
             ... wielding a +0 hand axe
              (8 damage)
             ... on level 3 of the Dungeon.
             The game lasted 00:04:32 (1773 turns).

innerfire433 the Trooper (Demonspawn Monk)          Turns: 1773, Time: 00:04:34

Health: -2/37      AC:  7    Str: 13    XL:     4   Next: 57%
Magic:  4/4        EV: 13    Int: 11    God:    Yredelemnul [......]
Gold:   161        SH:  0    Dex: 16    Spells: 3/3 levels left

rFire   + . .      SeeInvis .    g - +3 quarterstaff (chaos)
rCold   + . .      Faith    .    (shield currently unavailable)
rNeg    . . .      Spirit   .    n - +2 animal skin
rPois   +          Reflect  .    o - +2 helmet
rElec   +          Harm     .    (no cloak)
rCorr   +          Rampage  .    (no gloves)
Will    .....                    (no boots)
Stlth   ++........               (no amulet)
HPRegen 0.26/turn                (no ring)
MPRegen 0.09/turn                (no ring)

@: brilliant, resistant, slowed, very slow
A: powered by pain 1, sturdy frame 1, weakness stinger 1
a: Renounce Religion, Recall Undead Harvest


You were on level 3 of the Dungeon.
You worshipped Yredelemnul.
Yredelemnul was noncommittal.
You visited 1 branch of the dungeon, and saw 3 of its levels.

You collected 161 gold pieces.

Inventory:

Hand Weapons
 a - a +0 spear
 d - a +3 hand axe
 g - a +3 quarterstaff of chaos (weapon)
Missiles
 i - a throwing net (quivered)
Armour
 b - a +0 robe
 c - a +1 cloak
 n - a +2 animal skin (worn)
 o - a +2 helmet (worn)
Scrolls
 e - a scroll of immolation {unknown}
 f - 2 scrolls of identify {unknown}
 h - a scroll of butterflies {unknown}
 l - 4 scrolls of poison {unknown}
 m - a scroll of amnesia {unknown}
 p - a scroll of teleportation {unknown}
 q - 3 scrolls of vulnerability {unknown}


   Skills:
 + Level 3.7 Fighting
 - Level 2.5(3.2) Axes
 - Level 2.7(3.2) Polearms
 * Level 0.0(1.5) Staves
 + Level 3.3 Dodging
 - Level 1.8 Stealth


You had 3 spell levels left.
You didn't know any spells.
Your spell library contained the following spells:

 Spells                   Type           Power      Damage    Failure   Level
 Magic Dart               Conj           0%         1d3       34%         1
 Summon Small Mammal      Summ           0%         N/A       34%         1
 Blink                    Tloc           0%         N/A       47%         2
 Call Imp                 Summ           0%         N/A       47%         2
 Momentum Strike          Conj/Tloc      0%         3d8       47%         2
 Call Canine Familiar     Summ           0%         N/A       71%         3
 Gell's Gravitas          Tloc           0%         N/A       71%         3
 Lesser Beckoning         Tloc           0%         N/A       71%         3
 Mephitic Cloud           Conj/Pois/Air  0%         N/A       71%         3
 Summon Guardian Golem    Hex/Summ       0%         N/A       71%         3
 Teleport Other           Tloc           0%         N/A       71%         3
 Dispersal                Tloc           0%         N/A       100%        6


Dungeon Overview and Level Annotations

Branches:
Dungeon (3/15)

Altars:
Yredelemnul

Shops:
D:1 !   D:2 !

Annotations:
D:3 Natasha, Terence


Innate Abilities, Weirdness & Mutations

You sometimes gain a little power by taking damage.
Your movements are slightly less encumbered by armour. (ER -2)
You have a small tail.


Message History

No target in view!
No target in view!
Natasha, Servant of Life and Death comes into view.
She is carrying a wand of flame (11).
Found a long sword.
Natasha is nearby!
Found a scroll labelled ASALUDW KUGG.
Your bat zombie hits Natasha.
Natasha claws your bat zombie.
Your bat zombie hits Natasha but does no damage.
Your bat zombie closely misses Natasha.
Natasha zaps a wand.
The puff of flame hits your bat zombie!
Your bat zombie is destroyed!
Terence the Incautious comes into view.
He is wielding a +0 hand axe.
Natasha casts a spell at you.
You feel yourself slow down.
You closely miss Natasha.
Natasha is lightly wounded.
Natasha zaps a wand.
The puff of flame hits you.
Natasha zaps a wand.
The puff of flame hits you!
You barely miss Natasha.
Natasha is lightly wounded.
Terence shouts!
Natasha misses you.
Natasha zaps a wand.
The puff of flame hits you!
You barely miss Natasha.
Natasha is lightly wounded.
Natasha claws you!
You are too injured to fight recklessly!
You are too injured to fight recklessly!
You are too injured to fight recklessly!
It was a potion of brilliance.
You feel clever all of a sudden. Terence looks scornfully at you.
Natasha misses you. Natasha claws you!
* * * LOW HITPOINT WARNING * * *
It was a potion of magic.
Magic courses through your body.
Natasha mumbles some strange words.
It was a potion of resistance.
You feel protected. Terence hits you with a +0 hand axe!
You die...
Your body rises from the dead as a mindless zombie.

...# .. #.... .?.... ...
#.... #.#..#######.#..
#..... #.#..#..........
#...). #.#..#........#
#.....###.#..#..<.....#
#......................#
#.....5.............##.+
#.....h@.......#....#
......@..!............#
.........###.#........+
......###. ..#........#
....#. .............+
....#. .....#.......#
... # ......#...... ..
.......#...... ........+


You could see Terence, Natasha and a white imp (summoned).

Vanquished Creatures
  Crazy Yiuf (D:2)
  Robin (D:2)
  2 adders
  4 bats
  2 endoplasms
  3 giant cockroaches (D:2)
  8 goblins
  8 hobgoblins
  2 kobolds (D:1)
  2 quokkas
  4 ball pythons
  2 frilled lizards
  A rat (D:1)
40 creatures vanquished.

Vanquished Creatures (collateral kills)
  An endoplasm (D:2)
  3 goblins (D:2)
  A rat (D:2)
5 creatures vanquished.

Vanquished Creatures (others)
  2 bat zombies
  A frilled lizard zombie (D:2)
  A giant cockroach zombie (D:2)
  5 goblin zombies (D:2)
  A hobgoblin zombie (D:2)
  A quokka zombie (D:2)
  4 fungi (D:2)
  A plant (D:1)
16 creatures vanquished.

Grand Total: 61 creatures vanquished

Notes
Turn   | Place    | Note
-------+----------+-------------------------------------------
     0 | D:1      | innerfire433 the Demonspawn Monk began the quest for the
                  | Orb.
     0 | D:1      | Reached XP level 1. HP: 18/18 MP: 1/1
   281 | D:1      | Found Mijehyny's Distillery.
   366 | D:1      | Found a faded altar of an unknown god.
   410 | D:1      | Prayed at the altar of an unknown god.
   410 | D:1      | Became a worshipper of Yredelemnul the Dark
   446 | D:1      | Gained mutation: You have a small tail. [demonic ancestry]
   446 | D:1      | Reached XP level 2. HP: 23/24 MP: 2/2
   662 | D:2      | You fall into a shaft and drop 1 floor!
   673 | D:3      | Reached skill level 1 in Axes
   744 | D:2      | Gained mutation: You sometimes gain a little power by
                  | taking damage. [demonic ancestry]
   744 | D:2      | Reached XP level 3. HP: 25/29 MP: 3/3
   888 | D:2      | Reached * piety under Yredelemnul
   978 | D:2      | Noticed Robin
  1029 | D:2      | Killed Robin
  1030 | D:2      | Gained mutation: Your movements are slightly less
                  | encumbered by armour. (ER -2) [demonic ancestry]
  1030 | D:2      | Reached XP level 4. HP: 12/35 MP: 4/4
  1274 | D:2      | Found Fioqon's Distillery.
  1602 | D:2      | Found a runed translucent door.
  1603 | D:2      | Noticed Crazy Yiuf
  1628 | D:2      | Killed Crazy Yiuf
  1763 | D:3      | Noticed Natasha
  1767 | D:3      | Noticed Terence
  1773 | D:3      | Slain by Terence

Illustrated notes

Levels and vault maps discovered:
D:1:      sevenhm_arrival_forest_fort_small_3, layout_basic,
          shapermc_ecumenical_altar_acropolis, serial_shops,
          nicolae_shop_crystal, serial_bayou_ford_a
D:2:      layout_basic, serial_shops, shop, uniq_robin, uniq_crazy_yiuf_cottage
D:3:      layout_basic, minmay_crystal_room, uniq_terence, uniq_natasha

Skill      XL: |  1  2  3 |
---------------+----------+-----
Axes           | 1 2 |  2.5
Dodging        | 3 |  3.3
Fighting       | |  3.7
Polearms       | |  2.7
Stealth        | |  1.8

Action                   |  1- 3 |  4- 6 || total
-------------------------+-------+-------++-------
Melee: Hand axe          |    66 |    26 ||    92
       Spear             |     1 |       ||     1
       Tailslap          |     2 |     7 ||     9
       Quarterstaff      |       |     4 ||     4
       Punch             |       |     1 ||     1
  Use: Potion            |       |     6 ||     6
 Stab: Sleeping          |     6 |       ||     6
Armor: Robe              |     9 |       ||     9
       Animal skin       |       |     5 ||     5
Dodge: Dodged            |    50 |    13 ||    63

Table legend: (Time is in decaauts)
 A = Elapsed time spent in this place.
 B = Non-inter-level travel time spent in this place.
 C = Inter-level travel time spent in this place.
 D = Time resting spent in this place.
 E = Time spent auto-exploring this place.
 F = Levels seen in this place.
 G = Mean time per level.
                   A        B        C        D        E       F      G
               +--------+--------+--------+--------+--------+-----+--------+
         Total |   1794 |   1706 |     88 |      0 |   1358 |   3 |  598.0 |
       Dungeon |   1794 |   1706 |     88 |      0 |   1358 |   3 |  598.0 |
               +--------+--------+--------+--------+--------+-----+--------+

Top non-repeatable levels by time:
     D:2: 1067 daAuts
     D:1: 666 daAuts
     D:3: 60 daAuts
